 Dungeon Crawl Stone Soup version 0.27-a0-931-g5a74e75d8f (webtiles) character file.

Game seed: 3951280186175491967

41531 polve the Carver (level 13, -12/108 HPs)
             Began as a Demonspawn Abyssal Knight on Apr 10, 2021.
             Was a High Priest of Lugonu.
             Killed from afar by a rime drake (26 damage)
             ... with a flash freeze
             ... on level 6 of the Lair of Beasts.
             The game lasted 00:43:30 (15310 turns).

polve the Carver (Demonspawn Abyssal Knight)       Turns: 15310, Time: 00:43:31

Health: -12/108    AC: 14    Str: 13    XL:     13   Next: 80%
Magic:  16/19      EV: 14    Int: 17    God:    Lugonu [*****.]
Gold:   2157       SH:  0    Dex: 26    Spells: 9/20 levels left

rFire    . . .     SeeInvis .   a - +4 long sword (spect)
rCold    . . .     Faith    .   (no shield)
rNeg     + . .     Spirit   .   P - +3 leather armour {rN+}
rPois    .         Reflect  .   y - +1 helmet
rElec    .         Harm     .   s - +2 cloak
rCorr    .         Rampage  .   l - +2 pair of gloves
Will     .....                  (boots unavailable)
Stlth    +++.......             e - amulet of regeneration
HPRegen  1.28/turn              k - +6 ring of dexterity
MPRegen  0.16/turn              G - +6 ring of dexterity

@: wereblooded
A: talons 3, repulsion field 2, demonic guardian 1, demonic magic 1
a: Renounce Religion, Depart the Abyss, Bend Space, Banish, Corrupt, Enter the
Abyss


You were on level 6 of the Lair of Beasts.
You worshipped Lugonu.
Lugonu was extremely pleased with you.
You visited 2 branches of the dungeon, and saw 16 of its levels.
You visited the Abyss 1 time.
You also visited: Ossuary.

You collected 2157 gold pieces.

Inventory:

Hand Weapons
 a - a +4 spectral long sword (weapon)
 J - a +4 demon trident
Missiles
 r - a throwing net
 z - 11 curare-tipped darts
 B - 10 atropa-tipped darts
Armour
 l - a +2 pair of gloves (worn)
 s - a +2 cloak (worn)
 y - a +1 helmet (worn)
 P - a +3 leather armour of positive energy (worn)
Jewellery
 b - an amulet of the acrobat
 e - an amulet of regeneration (around neck)
 k - a +6 ring of dexterity (left hand)
 G - a +6 ring of dexterity (right hand)
 O - a ring of resist corrosion
Wands
 d - a wand of digging (5)
 m - a wand of flame (101)
 q - a wand of iceblast (21)
 A - a wand of charming (5)
 M - a wand of acid (3)
 R - a wand of mindburst (5)
Scrolls
 f - 2 scrolls of fog
 g - 3 scrolls of enchant weapon
 n - 8 scrolls of teleportation
 o - 3 scrolls of amnesia
 t - 3 scrolls of fear
 C - 2 scrolls of magic mapping
 D - a scroll of vulnerability {unknown}
 F - a scroll of summoning
 H - 3 scrolls of enchant armour
 L - 2 scrolls of blinking
Potions
 c - 5 potions of flight
 h - a potion of magic {unknown}
 i - 2 potions of haste
 j - 4 potions of curing
 p - a potion of might
 u - 3 potions of resistance
 v - a potion of berserk rage
 w - 2 potions of brilliance
 x - 3 potions of heal wounds
 E - 8 potions of ambrosia
 I - a potion of attraction {unknown}
 N - a potion of mutation
 Q - a potion of lignification


   Skills:
 - Level 12.0 Fighting
 - Level 14.0 Long Blades
 - Level 1.7 Armour
 - Level 0.8 Dodging
 - Level 5.0 Stealth
 - Level 4.0 Spellcasting
 - Level 4.0 Hexes
 - Level 3.0 Translocations
 * Level 5.4 Transmutations
 + Level 5.6 Fire Magic
 + Level 4.9 Poison Magic
 - Level 8.0 Invocations


You had 9 spell levels left.
You knew the following spells:

 Your Spells              Type           Power      Damage    Failure   Level
a - Sting                 Tmut/Pois      84%        1d7       2%          1
b - Passwall              Tmut/Erth      10%        N/A       10%         2
c - Corona                Hex            18%        N/A       3%          1
s - Slow                  Hex            17%        N/A       6%          2
w - Wereblood             Tmut           22%        N/A       3%          2
z - Ignite Poison         Fire/Tmut/Pois 21%        N/A       7%          3

Your spell library contained the following spells:

 Spells                   Type           Power      Damage    Failure   Level
 Beastly Appendage        Tmut           44%        N/A       1%          1
 Apportation              Tloc           26%        N/A       6%          1
 Spider Form              Tmut/Pois      10%        N/A       7%          3
 Blink                    Tloc           N/A        N/A       9%          2
 Poisonous Vapours        Pois/Air       22%        N/A       11%         2
 Confusing Touch          Hex            17%        N/A       12%         3
 Gell's Gravitas          Tloc           6%         N/A       17%         3
 Conjure Flame            Conj/Fire      13%        6-21      19%         3
 Animate Skeleton         Necr           6%         N/A       21%         1
 Magic Dart               Conj           12%        1d3       21%         1
 Sandblast                Erth           6%         2d5       21%         1
 Summon Small Mammal      Summ           12%        N/A       21%         1
 Dazzling Flash           Conj/Hex       20%        N/A       26%         3
 Olgreb's Toxic Radiance  Pois           20%        N/A       26%         4
 Call Imp                 Summ           3%         N/A       30%         2
 Searing Ray              Conj           6%         3d3       30%         2
 Mephitic Cloud           Conj/Pois/Air  9%         N/A       30%         3
 Hydra Form               Tmut           11%        N/A       50%         5
 Stone Arrow              Conj/Erth      6%         3d7       52%         3
 Ice Form                 Ice/Tmut       12%        N/A       54%         4
 Petrify                  Tmut/Erth      12%        N/A       54%         4
 Yara's Violent Unravell  Hex/Tmut       9%         3d6       61%         5
 Fulminant Prism          Conj/Hex       5%         3d7       65%         4
 Iskenderun's Mystic Bla  Conj/Tloc      8%         2d4       71%         4
 Metabolic Englaciation   Hex/Ice        5%         N/A       94%         5
 Lee's Rapid Deconstruct  Erth           1%         3d5*      99%         5


Dungeon Overview and Level Annotations

Branches:
Dungeon (10/15)            Temple (0/1) D:5            Lair (6/6) D:8
 Shoals (0/4) Lair:3       Spider (0/4) Lair:2      Ossuary (visited)
  Slime: Lair:5-6       Orc: D:9-12

Altars:
Ashenzari
Dithmenos
Gozag
Kikubaaqudgha
Qazlal
Ru
Trog
Uskayaw
Zin

Shops:
D:1 !   D:4 ?   D:5 =   D:9 [

Annotations:
D:5 Prince Ribbit
Lair:4 2 transporters
Lair:5 2 transporters, Retesyof's ghost, journeyman MiFi


Innate Abilities, Weirdness & Mutations

You have claws for feet.
You are surrounded by a moderate repulsion field. (EV +3)
A weak demonic guardian rushes to your aid.
Spells you cast may paralyse adjacent enemies.


Message History

Malevolent energies surge around you.
The elephant suddenly stops moving!
The komodo dragon suddenly stops moving!
The rime drake breathes ice at you. The flash freeze hits you!
You are encased in ice.
Your orange demon stings the elephant but does no damage.
Your orange demon hits the elephant.
The elephant looks weaker.
The seven-headed hydra bites your orange demon!
The seven-headed hydra bites your orange demon!!
The seven-headed hydra bites your orange demon! x2
Your orange demon dies!
The elephant is no longer paralysed.
The komodo dragon is no longer paralysed.
The komodo dragon bites you but does no damage.
The komodo dragon closely misses you. The ice encasing you melts away.
The elephant misses you.
You riposte.
You hit the elephant but do no damage. You claw the elephant.
The elephant is heavily wounded.
Your spectral weapon hits the elephant.
The elephant trunk-slaps you but does no damage.
The komodo dragon bites you!! The seven-headed hydra bites you! x2
The seven-headed hydra bites you but does no damage.
The seven-headed hydra bites you.
* * * LOW HITPOINT WARNING * * *
The seven-headed hydra bites you.
* * * LOW HITPOINT WARNING * * *
The seven-headed hydra completely misses you.
The seven-headed hydra bites you!
* * * LOW HITPOINT WARNING * * *
You see here a yak corpse.
Okay, then.
Space bends around you!
You blink.
A komodo dragon comes into view.
The elephant tramples your spectral weapon but does no damage.
The elephant closely misses your spectral weapon.
The komodo dragon barely misses your spectral weapon.
The rime drake breathes ice at you. The flash freeze hits you!!
You die...

##. ......## ...#. #..
....... ..... ##P.. #
#....###...###.
#.l..#.##.....#P.......
......#......P..........
........................
..$..........k..........
.......@....D(Y.........
..............l....P....
.P............†..!$P.P..
##..$...........PPP$[.P.
#..................†[..
#.#............P..)$..P.
. .................:.PPP
...............P.P./...
.........<†..!.P#.


You could see a seven-headed hydra, an elephant (weak), 2 komodo dragons, a rime
drake (catching breath) and a friendly +4 spectral long sword (summoned).

Vanquished Creatures
  Rupert (Lair:4)
  3 two-headed ogres (D:9)
  6 death yaks
  Urug (Lair:3)
  Sonja (Lair:1)
  Pikel (D:8)
  An orb spider (Lair:2)
  2 elephants (Lair:6)
  4 black mambas
  A torpor snail (Lair:3)
  9 cane toads
  8 rime drakes
  8 komodo dragons
  A troll (D:9)
  A queen bee (Lair:2)
  A polar bear (Lair:2)
  14 blink frogs
  Grinder (D:4)
  A spriggan (Lair:1)
  A shadow (D:9)
  2 wraiths (Ossuary)
  4 wyverns
  40 yaks
  A basilisk (Lair:4)
  A steam dragon (D:8)
  24 water moccasins
  2 black bears
  An ice beast (D:5)
  An orc warrior (D:7)
  A sky beast (D:5)
  A necrophage (D:7)
  6 wolves
  6 centaurs
  A kobold brigand (D:7)
  20 bullfrogs
  A scorpion (D:8)
  A water moccasin skeleton (D:7)
  35 killer bees
  14 wights
  7 electric eels
  A howler monkey (D:6)
  A bullfrog zombie (D:5)
  2 centaur zombies
  4 jellies
  An orc priest (D:7)
  A centaur skeleton (D:6)
  An iguana (D:5)
  7 orc wizards
  A hound skeleton (D:4)
  3 adders
  8 gnolls
  3 white imps
  An ufetubus (D:7)
  An adder zombie (Ossuary)
  4 worms
  2 dart slugs
  12 orcs
  4 bats
  6 endoplasms
  2 giant cockroaches
  4 goblins
  3 hobgoblins
  11 kobolds
  4 quokkas
  4 ball pythons
  4 frilled lizards
  2 hobgoblin zombies (Ossuary)
  2 jackal zombies (D:5)
  2 kobold zombies (Ossuary)
  3 orc skeletons (Ossuary)
  5 rats
344 creatures vanquished.

Vanquished Creatures (collateral kills)
  A polar bear (Lair:3)
1 creature vanquished.

Vanquished Creatures (others)
  73 fungi
  109 plants
182 creatures vanquished.

Grand Total: 527 creatures vanquished

Notes
Turn   | Place    | Note
-------+----------+-------------------------------------------
     0 | Abyss:1  | polve the Demonspawn Abyssal Knight began the quest for the
                  | Orb.
     0 | Abyss:1  | Reached XP level 1. HP: 18/18 MP: 2/2
    99 | Abyss:1  | Noticed a demonic crawler
   100 | D:1      | Escaped the Abyss
   142 | D:1      | Reached skill level 2 in Long Blades
   299 | D:1      | Reached * piety under Lugonu
   366 | D:1      | Gained mutation: You have sharp toenails. [demonic
                  | ancestry]
   366 | D:1      | Reached XP level 2. HP: 24/24 MP: 3/3
   502 | D:1      | Found Joenimpiffo's Distillery.
   557 | D:1      | Found a faded altar of an unknown god.
   689 | D:1      | Reached skill level 3 in Long Blades
  1140 | D:2      | Gained mutation: You have razor-sharp toenails. [demonic
                  | ancestry]
  1140 | D:2      | Reached XP level 3. HP: 29/29 MP: 4/4
  2011 | D:3      | Gained mutation: Spells you cast may paralyse adjacent
                  | enemies. [demonic ancestry]
  2011 | D:3      | Reached XP level 4. HP: 33/35 MP: 5/5
  2018 | D:3      | Reached ** piety under Lugonu
  2019 | D:3      | Reached skill level 4 in Long Blades
  2101 | D:3      | Reached XP level 5. HP: 40/41 MP: 6/6
  2592 | D:4      | Found a shadowy altar of Dithmenos.
  2651 | D:4      | Found Itoblag's Magic Scroll Emporium.
  2663 | D:4      | Found a transporter.
  2723 | D:4      | Found a transporter.
  2748 | D:4      | Noticed Grinder
  2754 | D:4      | Paralysed by Grinder for 2 turns
  2763 | D:4      | Killed Grinder
  2764 | D:4      | Reached skill level 5 in Long Blades
  2764 | D:4      | Gained mutation: You are surrounded by a mild repulsion
                  | field. (EV +2) [demonic ancestry]
  2764 | D:4      | Reached XP level 6. HP: 13/49 MP: 7/7
  3070 | D:4      | Reached skill level 6 in Long Blades
  3085 | D:5      | Entered Level 5 of the Dungeon
  3090 | D:5      | Found a staircase to the Ecumenical Temple.
  3199 | D:5      | Found Xisteule's Jewellery Shoppe.
  3212 | D:5      | Reached XP level 7. HP: 23/55 MP: 8/8
  3298 | D:5      | Reached skill level 5 in Fighting
  3391 | D:5      | Noticed Prince Ribbit
  3519 | D:5      | Found a sand-covered staircase.
  3529 | Ossuary  | Entered an ossuary
  3699 | Ossuary  | Noticed a flying skull
  3699 | Ossuary  | Noticed a wraith
  3740 | Ossuary  | Noticed a flying skull
  3751 | Ossuary  | Reached skill level 7 in Long Blades
  3784 | Ossuary  | Noticed a flying skull
  3818 | Ossuary  | Learned a level 1 spell: Corona
  3844 | Ossuary  | Noticed a flying skull
  3845 | Ossuary  | Noticed a wraith
  3859 | Ossuary  | Killed a wraith
  3860 | Ossuary  | Reached XP level 8. HP: 29/62 MP: 9/9
  4005 | D:5      | Found an ancient bone altar of Kikubaaqudgha.
  4023 | D:5      | Found an opulent altar of Gozag.
  4131 | D:5      | Reached *** piety under Lugonu
  4153 | D:5      | Learned a level 2 spell: Blink
  4404 | D:6      | Reached skill level 1 in Translocations
  5291 | D:7      | Identified a scroll of acquirement
  5293 | D:7      | Acquired 1194 gold pieces
  5325 | D:7      | Reached skill level 8 in Long Blades
  5391 | D:7      | Learned a level 2 spell: Wereblood
  5394 | D:7      | Learned a level 2 spell: Passwall
  5437 | D:7      | Reached XP level 9. HP: 72/72 MP: 10/10
  5447 | D:7      | Noticed a +0 hand axe
  5447 | D:7      | Noticed a +0 dagger
  5467 | D:7      | Found a hide-covered altar of Uskayaw.
  5560 | D:7      | Found a stormy altar of Qazlal.
  5611 | D:7      | Reached skill level 5 in Invocations
  5956 | D:7      | Reached **** piety under Lugonu
  6521 | D:8      | Reached skill level 9 in Long Blades
  6537 | D:8      | Gained mutation: You have claws for feet. [demonic
                  | ancestry]
  6537 | D:8      | Reached XP level 10. HP: 36/80 MP: 10/16
  6711 | D:8      | Found a staircase to the Lair.
  6737 | D:8      | Noticed Pikel
  6849 | D:8      | Reached skill level 10 in Long Blades
  6851 | D:8      | Reached skill level 1 in Stealth
  7178 | D:8      | Killed Pikel
  7505 | D:8      | Found a sacrificial altar of Ru.
  7516 | D:8      | You fall into a shaft and drop 2 floors!
  7516 | D:10     | Entered Level 10 of the Dungeon
  7783 | D:9      | Noticed a two-headed ogre
  7796 | D:9      | Killed a two-headed ogre
  7875 | D:9      | Found Fus Udin's Antique Armour Emporium.
  7903 | D:9      | Gained mutation: A weak demonic guardian rushes to your
                  | aid. [demonic ancestry]
  7903 | D:9      | Reached XP level 11. HP: 67/89 MP: 14/17
  7951 | D:9      | Noticed a two-headed ogre
  7954 | D:9      | Found a broken altar of Ashenzari.
  7963 | D:9      | Killed a two-headed ogre
  8148 | D:9      | Reached skill level 5 in Stealth
  8245 | D:9      | Noticed a two-headed ogre
  8253 | D:9      | Killed a two-headed ogre
  8254 | D:9      | Reached skill level 11 in Long Blades
  8325 | D:10     | Noticed a two-headed ogre
  8470 | Lair:1   | Entered Level 1 of the Lair of Beasts
  8470 | Lair:1   | Noticed Sonja
  8472 | Lair:1   | Killed Sonja
  8646 | Lair:1   | Reached ***** piety under Lugonu
  8756 | Lair:1   | Noticed a four-headed hydra
  8812 | Lair:1   | Banished a five-headed hydra
  8813 | Lair:1   | Reached skill level 10 in Fighting
  8836 | Lair:1   | Reached skill level 12 in Long Blades
  8981 | Lair:1   | Noticed a seven-headed hydra
  8984 | Lair:1   | Banished a seven-headed hydra
  9475 | Lair:1   | Learned a level 2 spell: Slow
  9613 | Lair:2   | Learned a level 1 spell: Sting
  9639 | Lair:2   | Reached XP level 12. HP: 98/98 MP: 18/18
  9703 | Lair:2   | Reached skill level 1 in Poison Magic
  9704 | Lair:2   | Reached skill level 1 in Transmutations
  9826 | Lair:2   | Reached skill level 1 in Spellcasting
  9928 | Lair:2   | Noticed a seven-headed hydra
  9930 | Lair:2   | Banished a seven-headed hydra
 10252 | Lair:2   | Found a hole to the Spider Nest.
 10299 | Lair:2   | Learned a level 3 spell: Ignite Poison
 10320 | Lair:2   | Identified the +12 long sword of Bile {holy, Int+4}
 10589 | Lair:2   | Reached skill level 1 in Fire Magic
 11121 | Lair:3   | Noticed a death yak
 11122 | Lair:3   | Noticed Urug
 11122 | Lair:3   | Noticed a death yak
 11191 | Lair:2   | Killed a death yak
 11306 | Lair:2   | Killed a death yak
 11347 | Lair:3   | Killed Urug
 11397 | Lair:3   | Found a staircase to the Shoals.
 11858 | Lair:3   | Reached skill level 5 in Fire Magic
 12664 | Lair:4   | Gained mutation: You are surrounded by a moderate repulsion
                  | field. (EV +3) [demonic ancestry]
 12664 | Lair:4   | Reached XP level 13. HP: 71/106 MP: 19/19
 12724 | Lair:4   | Reached skill level 13 in Long Blades
 12765 | Lair:4   | Found a transporter.
 12768 | Lair:4   | Found a transporter.
 13024 | Lair:4   | Noticed Rupert
 13074 | Lair:4   | Paralysed by Rupert for 6 turns
 13117 | Lair:4   | Killed Rupert
 14099 | Lair:5   | Found a transporter.
 14132 | Lair:5   | Found a transporter.
 14133 | Lair:5   | Found a bloodstained altar of Trog.
 14147 | Lair:5   | Noticed Retesyof's ghost (journeyman MiFi)
 14591 | Lair:5   | Reached skill level 14 in Long Blades
 15231 | Lair:6   | Entered Level 6 of the Lair of Beasts
 15270 | Lair:6   | Reached skill level 5 in Transmutations
 15310 | Lair:6   | Killed from afar by a rime drake

Illustrated notes

Levels and vault maps discovered:
D:1:      arrival_zaba_pyramid, layout_basic, serial_shops, shop,
          hellmonk_ecumenical_altar_inner_sanctum, minivault_4,
          due_unseen_surprise
D:2:      layout_basic
D:3:      layout_basic, kennysheep_generic_room_2
D:4:      gammafunk_steamed_eel, layout_cave_pools,
          grunt_dithmenos_smoke_and_mirrors, lemuel_round_altar, serial_shops,
          shop, uniq_grinder
D:5:      layout_basic, grunt_gozag_statues, kennysheep_little_box,
          minmay_temple_entry_mini_moons, enter_ossuary_3, serial_shops,
          nicolae_shop_crystal, serial_bayou_pond_d, uniq_prince_ribbit1
D:6:      layout_basic, serial_bayou, serial_bayou_pond_b,
          serial_bayou_lagoon_b, serial_bayou_crossing, serial_bayou_ford_a,
          serial_bayou_shore_b, serial_bayou_lake_a
D:7:      layout_loops_cross, dancing_weapons_uskayaw, kennysheep_mini,
          chequers_garden
D:8:      layout_basic, overflow_temple_1_default, due_lair_maze_entry_diamond,
          minmay_stone_trees_small, uniq_pikel
D:9:      layout_roguey, lemuel_doored_altar, serial_shops,
          nicolae_shop_overgrown_old_shop
D:10:     layout_small_grid, general_overflow_altar, xom_teletrap_fun,
          minmay_orc_entry_temple_small
Lair:1:   layout_gridlike, grunt_forest_large_clearing_hut, uniq_sonja
Lair:2:   layout_cave_pods, nicolae_spider_entry_orb_guardian, special_room
          [special_room_bee], st_stairs_7, infiniplex_staircase_pool_2,
          grunt_megastairs_5, serial_bayou_shore_a
Lair:3:   layout_small_grid, minmay_shoals_entry_centaurs, uniq_urug
Lair:4:   gammafunk_boulding_lane, layout_layer_cave, uniq_rupert
Lair:5:   layout_concentric_octagons, gammafunk_ghost_wrathful_warriors,
          serial_bayou_shore_b, grunt_megastairs_4, lemuel_fruit_fields,
          serial_bayou_shore_b
Lair:6:   grunt_lair_end_beastmaster, layout_regular_city, slime_altar_1,
          serial_rivers, chequers_serial_rivers_room_a,
          chequers_serial_rivers_small_3, chequers_serial_rivers_room_a,
          chequers_serial_rivers_small_a, chequers_serial_rivers_small_b,
          st_stairs_8, minmay_lair_drake_nest

Skill      XL: |  1  2  3  4  5  6  7  8  9 10 11 12 13 |
---------------+----------------------------------------+-----
Long Blades    | 2 3 4 5 6 7 8 9 10 12 14 | 14.0
Fighting       | 4 5 7 8 9 10 11 12 | 12.0
Hexes          | 2 3 4 |  4.0
Translocations | 3 |  3.0
Invocations    | 8 |  8.0
Stealth        | 4 5 |  5.0
Poison Magic   | 4 |  4.9
Transmutations | 4 5 |  5.4
Spellcasting   | 4 |  4.0
Fire Magic     | 5 |  5.6
Armour         | |  1.7
Dodging        | |  0.8

Action                   |  1- 3 |  4- 6 |  7- 9 | 10-12 | 13-15 || total
-------------------------+-------+-------+-------+-------+-------++-------
Melee: Falchion          |   115 |    63 |    58 |       |       ||   236
       Kick              |    24 |    26 |   121 |   205 |   123 ||   499
       Long sword        |       |       |   254 |   420 |   197 ||   871
 Cast: Corona            |       |       |    40 |    72 |       ||   112
       Slow              |       |       |       |     7 |       ||     7
       Sting             |       |       |       |    70 |    40 ||   110
       Ignite Poison     |       |       |       |     4 |     8 ||    12
       Wereblood         |       |       |       |       |     4 ||     4
Invok: Depart the Abyss  |     1 |       |       |       |       ||     1
       Banish            |       |       |     2 |    10 |     4 ||    16
       Bend Space        |       |       |     1 |       |    16 ||    17
Evoke: Wand              |       |     5 |     2 |     1 |       ||     8
  Use: Scroll            |     6 |       |     8 |     5 |     4 ||    23
       Potion            |       |     4 |     3 |     2 |     2 ||    11
 Stab: Sleeping          |       |     3 |       |     4 |     2 ||     9
       Paralysed         |       |       |    32 |    83 |    12 ||   127
       Distracted        |       |       |       |     5 |     7 ||    12
Armor: Leather armour    |    36 |    12 |    77 |   100 |    47 ||   272
       Skin              |       |       |     8 |       |       ||     8
Dodge: Dodged            |    62 |    25 |   194 |   270 |   104 ||   655
       Rpst.: Falchion   |    17 |     7 |     9 |       |       ||    33
       Long sword        |       |       |    48 |    83 |    36 ||   167

Table legend: (Time is in decaauts)
 A = Elapsed time spent in this place.
 B = Non-inter-level travel time spent in this place.
 C = Inter-level travel time spent in this place.
 D = Time resting spent in this place.
 E = Time spent auto-exploring this place.
 F = Levels seen in this place.
 G = Mean time per level.
                   A        B        C        D        E       F      G
               +--------+--------+--------+--------+--------+-----+--------+
         Total |  15363 |  14813 |    550 |      0 |  11417 |  18 |  853.5 |
       Dungeon |   8023 |   7751 |    272 |      0 |   6132 |  10 |  802.3 |
          Lair |   6755 |   6478 |    277 |      0 |   4904 |   6 | 1125.8 |
         Abyss |    100 |    100 |      0 |      0 |     99 |   1 |  100.0 |
       Ossuary |    484 |    484 |      0 |      0 |    281 |   1 |  484.0 |
               +--------+--------+--------+--------+--------+-----+--------+

Top non-repeatable levels by time:
  Lair:2: 1599 daAuts
  Lair:4: 1567 daAuts
  Lair:3: 1281 daAuts
     D:8: 1234 daAuts
  Lair:5: 1159 daAuts
     D:7: 1124 daAuts
  Lair:1: 1103 daAuts
     D:6: 1054 daAuts
     D:1: 895 daAuts
     D:3: 889 daAuts
     D:5: 807 daAuts
     D:9: 743 daAuts
     D:2: 708 daAuts
     D:4: 513 daAuts
 Ossuary: 484 daAuts
